 Dungeon Crawl Stone Soup version 0.29.1-2-gbd0b4ee654 (webtiles) character file.

Game seed: 13541562758666070231

64 xian the Trooper (level 4, -2/35 HPs)
             Began as a Djinni Chaos Knight on Nov 8, 2022.
             Was a Plaything of Xom.
             Slain by Natasha (5 damage)
             ... on level 2 of the Dungeon.
             The game lasted 00:02:31 (1793 turns).

xian the Trooper (Djinni Chaos Knight)              Turns: 1793, Time: 00:02:32

Health: -2/35      AC:  5    Str: 13    XL:     4   Next: 32%
Gold:   60         EV: 12    Int: 14    God:    Xom [...*..] SH:  0 Dex: 12

rFire   + + .      SeeInvis .   a - +0 falchion (chaos)
rCold   x . .      Faith    .   (no shield)
rNeg    . . .      Spirit   .   b - +2 leather armour
rPois   ∞          Reflect  .   (no helmet)
rElec   .          Harm     .   (no cloak)
rCorr   .          Rampage  .   (no gloves)
Will    .....                   (boots unavailable)
Stlth   +.........              (no amulet)
HPRegen 0.11/turn               (no ring)
MPRegen 0.00/turn               (no ring)

@: flying
A: sickness immunity, fire resistance 2, cold vulnerability 1, float, innate
caster, HP casting, extra vitality 1, MP-powered wands
a: Renounce Religion


You were on level 2 of the Dungeon.
You worshipped Xom.
You were a favourite toy of Xom.
You visited 1 branch of the dungeon, and saw 2 of its levels.

You collected 60 gold pieces.

Inventory:

Hand Weapons
 a - a +0 falchion of chaos (weapon)
Armour
 b - a +2 leather armour (worn)
Scrolls
 d - a scroll of teleportation {unknown}
 h - a scroll of butterflies {unknown}
 i - a scroll of identify {unknown}
Potions
 e - a potion of curing {unknown}
 f - a potion of berserk rage {unknown}
 g - a potion of ambrosia {unknown}
Miscellaneous
 c - a piece from Xom's chessboard (15/15) (quivered)


   Skills:
 + Level 3.5 Fighting
 + Level 3.4 Long Blades
 + Level 1.6 Armour
 + Level 2.6 Dodging
 + Level 0.4 Stealth


You had 2 spell levels left.
You knew the following spells:

 Your Spells              Type           Power      Damage    Failure   Level
a - Summon Small Mammal   Summ           0%         N/A       36%         1
Your spell library was empty.

Dungeon Overview and Level Annotations

Branches:
Dungeon (2/15)

Altars:
Ru

Shops:
D:1 *

Annotations:
D:2 Natasha


Innate Abilities, Weirdness & Mutations

You are immune to sickness and miasma.
You are immune to poison.
Your flesh is very heat resistant. (rF++)
You are vulnerable to cold. (rC-)
You float through the air rather than walking.
You learn spells naturally, not from books.
Your magical power is your life essence.
You have superior vitality. (+4 MHP)
You expend health (3 HP) to strengthen your wands.


Message History

Natasha claws you but does no damage.
You hit Natasha. You freeze Natasha.
Natasha is heavily wounded.
The crimson imp blinks!
Natasha misses you.
You hit Natasha.
Natasha suddenly seems more agile.
Natasha is almost dead.
Natasha mumbles some strange words.
You closely miss Natasha.
Natasha is almost dead.
The crimson imp laughs crazily.
Natasha stares at you and mumbles some strange words.
The magic dart hits you.
* * * LOW HITPOINT WARNING * * *
The crimson imp grinds its teeth.
The crimson imp barely misses you.
You closely miss Natasha.
Natasha is almost dead.
Natasha misses you. The crimson imp hits you.
* * * LOW HITPOINT WARNING * * *
Unknown command.
You barely miss Natasha.
Natasha is almost dead.
Natasha completely misses you. The crimson imp barely misses you.
Unknown command.
You miss Natasha.
Natasha is severely wounded.
The crimson imp blinks!
Natasha barely misses you. The crimson imp barely misses you.
Natasha claws you.
* * * LOW HITPOINT WARNING * * *
The crimson imp grins evilly.
Unknown command.
You closely miss Natasha.
Natasha is severely wounded.
The crimson imp completely misses you.
Natasha casts a spell.
You barely miss Natasha.
Natasha is severely wounded.
The crimson imp closely misses you. Natasha claws you.
You die...
Xom giggles madly!

#.....>..#...#:....##.##
#.######...#.########.####
#.# #####.# #........#
####.#### ##+## #.###.##.#
#......^# ##...## ###.##.#
#.....#.# ##.....##.##..##.#
#.....#.# ##.......#.##.#.#.#
#.......###..5..............#
#.........'h@§5.>............
##.)....###.5.......###....##
#......# ##....†..## #......
##.##### ##..†..## ######.
#.# ##...## #. #.### ##'## #.
#.#.## #.# #. #....# #.#####
#. ###.## ##.....## #.


You could see Natasha (agile) and 3 crimson imps.

Vanquished Creatures
  Natasha (D:2)
  A worm (D:2)
  2 dart slugs (D:2)
  4 ball pythons (D:1)
  3 endoplasms (D:1)
  A giant cockroach (D:1)
  4 goblins (D:1)
  4 hobgoblins
  A quokka (D:1)
  2 bats (D:1)
  3 frilled lizards
  2 kobolds
  2 rats
  A spectral hobgoblin (D:1)
31 creatures vanquished.

Notes
Turn   | Place    | Note
-------+----------+-------------------------------------------
     0 | D:1      | xian the Djinni Chaos Knight began the quest for the Orb.
     0 | D:1      | Reached XP level 1. HP: 20/20 MP: 0/0
   163 | D:1      | XOM: silly message
   219 | D:1      | Reached XP level 2. HP: 21/25 MP: 0/0
   473 | D:1      | Found a faded altar of an unknown god.
   718 | D:1      | Found Wiuthes's General Store.
   761 | D:1      | Reached XP level 3. HP: 13/30 MP: 0/0
   761 | D:1      | Learned a level 1 spell: Summon Small Mammal
   765 | D:1      | HP: 1/30 [frozen (6)]
  1063 | D:1      | XOM: silly message
  1381 | D:2      | XOM: give mutations
  1381 | D:2      | Gained mutation: You expend health (3 HP) to strengthen
                  | your wands. [Xom's grace]
  1493 | D:2      | Found a sacrificial altar of Ru.
  1664 | D:2      | Noticed Natasha
  1671 | D:2      | XOM: divination: detect items
  1678 | D:2      | HP: 1/30 [crimson imp[Natasha] (3)]
  1679 | D:2      | Killed Natasha
  1680 | D:2      | Reached XP level 4. HP: 2/35 MP: 0/0
  1783 | D:2      | Noticed Natasha
  1793 | D:2      | Slain by Natasha

Illustrated notes

Levels and vault maps discovered:
D:1:      minmay_arrival_wavy_path, layout_basic,
          dreamdust_ecumenical_altar_drowned_temple, serial_shops, shop_statue,
          grunt_decor_mini_mirrors
D:2:      layout_loops_corners, basic_altar, uniq_natasha,
          uniq_crazy_yiuf_cottage, uniq_terence

Skill      XL: |  1 |
---------------+----+-----
Long Blades    | 3 |  3.4
Fighting       | |  3.5
Armour         | |  1.6
Dodging        | |  2.6
Stealth        | |  0.4

Action                   |  1- 3 |  4- 6 || total
-------------------------+-------+-------++-------
Melee: Falchion          |    87 |     8 ||    95
Armor: Leather armour    |    41 |     1 ||    42
Dodge: Dodged            |    61 |     9 ||    70
